 Dungeon Crawl Stone Soup version 0.31-a0-851-g7ff8af7976 (webtiles) character file.

Game seed: 13228212358552743045

263 BinkBink the Changeling (level 6, -2/47 HPs)
             Began as a Merfolk Shapeshifter on Oct 6, 2023.
             Slain by a gnoll
             ... wielding a +0 spear
              (6 damage)
             ... on level 3 of the Dungeon.
             The game lasted 00:03:11 (1952 turns).

BinkBink the Changeling (Merfolk Shapeshifter)      Turns: 1952, Time: 00:03:11

Health: -2/47      AC:  2    Str: 17    XL:     6   Next: 19%
Magic:  6/6        EV: 13    Int:  9    God:
Gold:   91         SH:  0    Dex: 13    Spells: 5/5 levels left

rFire   . .          .
                       - Unarmed
rCold   . . .        (no shield)
rNeg    . . .        a - +0 animal skin
rPois   .            (helmet currently unavailable)
rElec   .            (cloak currently unavailable)
rCorr   .            (gloves currently unavailable)
SInv    .            (boots currently unavailable)
Will    .....        (no amulet)
Stlth   +            (no ring)
HPRegen 0.27/turn    (no ring)
MPRegen 0.10/turn

%: no passive effects
@: beast-form
A: beast (slay +3), (nimble swimmer 2), mertail
a: Begin Untransformation


You were on level 3 of the Dungeon.
You were a hulking beast.
You visited 1 branch of the dungeon, and saw 3 of its levels.

You collected 91 gold pieces.

Inventory:

Armour
 a - a +0 animal skin (worn)
Talismans
 c - a beast talisman (active)
 d - a flux talisman
 j - a blade talisman
Scrolls
 e - 2 scrolls of vulnerability {unknown}
 f - 4 scrolls of teleportation {unknown}
 g - 2 scrolls of amnesia {unknown}
 h - 2 scrolls of silence {unknown}
 i - 2 scrolls of identify {unknown}
 n - a scroll of immolation {unknown}
 o - a scroll of enchant weapon {unknown}
Potions
 b - a potion of lignification
 k - a potion of mutation {unknown}
 l - a potion of resistance {unknown}
 m - a potion of haste {unknown}


   Skills:
 + Level 3.3 Fighting
 + Level 4.7 Dodging
 + Level 4.6 Unarmed Combat
 + Level 5.4 Shapeshifting


You had 5 spell levels left.
You didn't know any spells.
Your spell library contained the following spells:

 Spells                   Type           Power      Damage    Failure   Level
 Freeze                   Ice            0%         1d3       38%         1
 Ensorcelled Hibernation  Hex/Ice        0%         N/A       52%         2
 Jinxbite                 Hex            0%         N/A       52%         2
 Frozen Ramparts          Ice            0%         1d1       77%         3
 Hailstorm                Conj/Ice       0%         3d3       77%         3
 Anguish                  Hex/Necr       0%         N/A       99%         4


Dungeon Overview and Level Annotations

Branches:
Dungeon (3/15)

Altars:


Innate Abilities, Weirdness & Mutations

You are a hulking beast.
Your limbs bulge with bestial killing power. (Slay +3)
((You are very nimble when in or above water. (Stealth+, EV+, Speed+++)))
Your lower body shifts to a powerful aquatic tail in water.


Message History

You hit the gnoll but do no damage.
The gnoll is moderately wounded.
The gnoll hits you from afar with a +0 spear.
You hit the gnoll but do no damage.
The gnoll is moderately wounded.
The gnoll misses you.
The gnoll hits you from afar with a +0 spear.
The gnoll hits you with a +0 club!
You are too injured to fight recklessly!
You are too injured to fight recklessly!
The gnoll attacks as it pursues you! The gnoll hits you with a +0 whip.
The gnoll barely misses you.
Things that are here:
a +0 dagger; a goblin corpse The gnoll attacks as it pursues you!
The gnoll hits you but does no damage.
An orc comes into view. It is wielding a +0 club.
The gnoll closely misses you. The gnoll attacks as it pursues you!
The gnoll hits you with a +0 club.
You hit the gnoll.
The gnoll is almost dead.
The gnoll barely misses you.
You punch the gnoll!
You kill the gnoll!
You closely miss the gnoll.
The gnoll hits you from afar with a +0 spear.
* * * LOW HITPOINT WARNING * * *
The gnoll closely misses you. The gnoll attacks as it pursues you!
The gnoll misses you.
You barely miss the gnoll. The gnoll hits you with a +0 whip.
* * * LOW HITPOINT WARNING * * *
The gnoll attacks as it pursues you! The gnoll misses you.
The gnoll attacks as it pursues you!
The gnoll hits you from afar with a +0 spear.
* * * LOW HITPOINT WARNING * * *
The gnoll attacks as it pursues you! The gnoll hits you with a +0 whip.
* * * LOW HITPOINT WARNING * * *
The gnoll attacks as it pursues you!
The gnoll hits you from afar with a +0 spear.
You die...

########### ############### ##
#....#....###...hgg.....#.# .o
..##...#....#.####g#.#..#.# .#
..##.....##.#....#†.#.#.#.# .#
.....##..##.####.#........####.##
..#..##..........########.)......
#....######.#.#..# ###.#####
..#### #......# #g..# #.#
######.# ##g### #.# #.# #..#


You could see 3 gnolls.

Vanquished Creatures
  Sigmund (D:2)
  3 adders (D:2)
  A gnoll (D:3)
  A worm (D:2)
  2 dart slugs (D:1)
  2 ball pythons (D:2)
  3 endoplasms
  3 giant cockroaches
  5 goblins
  4 hobgoblins
  7 jackals (D:1)
  3 quokkas (D:1)
  4 bats
  5 frilled lizards
  6 kobolds
  6 rats
56 creatures vanquished.

Notes
Turn   | Place    | Note
-------+----------+-------------------------------------------
     0 | D:1      | BinkBink the Merfolk Shapeshifter began the quest for the
                  | Orb.
     0 | D:1      | Reached XP level 1. HP: 15/15 MP: 1/1
    81 | D:1      | Reached XP level 2. HP: 16/21 MP: 2/2
   345 | D:1      | Reached XP level 3. HP: 23/27 MP: 3/3
   868 | D:2      | Noticed Sigmund
   905 | D:2      | Reached XP level 4. HP: 30/33 MP: 4/4
  1105 | D:2      | Killed Sigmund
  1106 | D:2      | Reached skill level 5 in Shapeshifting
  1106 | D:2      | Reached XP level 5. HP: 7/41 MP: 5/5
  1106 | D:2      | Reached XP level 6. HP: 8/47 MP: 6/6
  1556 | D:2      | Found a faded altar of an unknown god.
  1952 | D:3      | Slain by a gnoll

Illustrated notes

Levels and vault maps discovered:
D:1:      dpeg_arrival_shrine, layout_rooms
D:2:      layout_rooms, shapermc_ecumenical_altar_petra, grunt_decor_junction,
          minmay_ruptured, uniq_sigmund
D:3:      minmay_thinvault, layout_rooms

Skill      XL: |  1  2  3  4 |
---------------+-------------+-----
Dodging        | 3 4 |  4.7
Fighting       | 2 3 |  3.3
Unarmed Combat | 4 |  4.6
Shapeshifting  | 5 |  5.4

Action                     |  1- 3 |  4- 6 || total
---------------------------+-------+-------++-------
  Melee: Unarmed           |    98 |    82 ||   180
         Punch             |     1 |     1 ||     2
  Throw: Throwing net      |       |     1 ||     1
   Stab: Sleeping          |       |     1 ||     1
 Armour: Animal skin       |    45 |    45 ||    90
  Dodge: Dodged            |    73 |    52 ||   125

Table legend: (Time is in decaauts)
 A = Elapsed time spent in this place.
 B = Non-inter-level travel time spent in this place.
 C = Inter-level travel time spent in this place.
 D = Time resting spent in this place.
 E = Time spent auto-exploring this place.
 F = Levels seen in this place.
 G = Mean time per level.
                   A        B        C        D        E       F      G
               +--------+--------+--------+--------+--------+-----+--------+
         Total |   1934 |   1806 |    128 |      0 |   1392 |   3 |  644.7 |
       Dungeon |   1934 |   1806 |    128 |      0 |   1392 |   3 |  644.7 |
               +--------+--------+--------+--------+--------+-----+--------+

Top non-repeatable levels by time:
     D:2: 930 daAuts
     D:1: 770 daAuts
     D:3: 234 daAuts
